AoeStats
← 天皇笑川

Arena

508429550Analyzed
4v4 RM · 9d ago on Sep 22, 2026· 54m 5s· 8 players
Game mode
Random Map
Map size
Large (8 player)
Population
200
Speed
Normal
Resources
Standard
Victory
Conquest
Starting age
Dark Age
Ending age
Imperial Age
RankedLock teamsTeams togetherTeam positionsShared explorationLock speedFull tech treeHidden civsTurbo modeCheats
Victory
Defeat
🇨🇳 Huns · China
612
+17
🇨🇳 Khmer · China
588
+18
🇨🇳 Franks · China
465
+23
🇮🇩 Malay · Indonesia
457
+23
🇯🇵 Persians · Japan
779
-26
🇦🇺 Huns · Australia
744
-25
🇨🇳 Khmer · China
664
-22
🇺🇸 Celts · United States
318
-8
北风
0:32 Loom
11:05 Feudal Age
13:31 Double-Bit Axe
13:28 Horse Collar
16:48 Gold Mining
20:00 Bloodlines
23:59 Castle Age
22:13 Scale Barding Armor
22:19 Forging
24:45 Bloodlines
25:16 Gold Shaft Mining
24:56 Bow Saw
24:48 Heavy Plow
25:15 Chain Barding Armor
25:31 Iron Casting
25:13 Husbandry
25:46 Stone Mining
33:03 Marauders
36:01 Imperial Age
34:10 Wheelbarrow
36:21 Hand Cart
36:31 Elite Tarkan
37:34 Conscription
38:44 Blast Furnace
38:20 Plate Barding Armor
40:59 Spies/Treason
andi001126
0:38 Loom
13:01 Feudal Age
13:39 Double-Bit Axe
14:06 Horse Collar
17:50 Stone Mining
18:45 Gold Mining
18:21 Man-at-Arms
18:47 Arson
24:52 Castle Age
25:43 Squires
25:09 Long Swordsman
27:45 Wheelbarrow
27:35 Heavy Plow
29:35 Husbandry
37:54 Imperial Age
36:07 Crossbowman
41:50 Elite Karambit Warrior
42:25 Fletching
42:48 Forging
46:18 Iron Casting
48:07 Blast Furnace
47:05 Spies/Treason
53:22 Conscription
52:33 Sappers
53:12 Forced Levy
AYW
14:19 Feudal Age
34:21 Horse Collar
34:31 Double-Bit Axe
37:12 Stone Mining
37:14 Gold Mining
乔巴
4:24 Loom
12:06 Feudal Age
25:44 Castle Age
34:17 Imperial Age
32:24 Wheelbarrow
34:35 #83
34:44 Forging
34:36 Scale Mail Armor
34:35 Fletching
35:40 Double-Bit Axe
39:07 Iron Casting
44:07 Husbandry
43:28 Cavalier
47:20 Paladin
48:28 Scale Barding Armor
51:55 Chain Barding Armor
52:39 Blast Furnace
53:42 Plate Barding Armor
53:55 Spies/Treason
sada613
Ben FineGold
0:39 Loom
20:16 Feudal Age
21:33 Wheelbarrow
26:09 Gold Mining
26:02 Horse Collar
26:15 Double-Bit Axe
34:42 Stone Mining
天皇笑川
0:34 Loom
raging tom
0:33 Loom
Connection lost

Rejoining the realm…

Still unreachable

The connection could not be restored.

Session expired

The server has moved on; the page needs a fresh start.